 Dungeon Crawl Stone Soup version 0.27.1-3-gb3d3a73c9e (webtiles) character file.

Game seed: 17294553407611513480

114 MisterFreud the Stinger (level 4, -5/32 HPs)
             Began as a Gnoll Venom Mage on Oct 6, 2021.
             Was a Follower of Okawaru.
             Slain by a gnoll (8 damage)
             ... on level 3 of the Dungeon.
             The game lasted 00:04:16 (3442 turns).

MisterFreud the Stinger (Gnoll Venom Mage)          Turns: 3442, Time: 00:04:16

Health: -5/32      AC:  2    Str:  8    XL:     4   Next: 97%
Magic:  8/11       EV: 13    Int: 15    God:    Okawaru [*.....]
Gold:   115        SH:  0    Dex: 12    Spells: 12/13 levels left

rFire    . . .     SeeInvis .   p - +3 falchion (vamp)
rCold    . . .     Faith    .   (no shield)
rNeg     . . .     Spirit   .   a - +0 robe
rPois    .         Reflect  .   (no helmet)
rElec    .         Harm     .   (no cloak)
rCorr    .         Rampage  .   (no gloves)
Will     .....                  (no boots)
Stlth    +++.......             (no amulet)
HPRegen  0.10/turn              (no ring)
MPRegen  0.12/turn              (no ring)

@: no status effects
A: fangs 1, strong nose, distributed training
a: Renounce Religion, Heroism


You were on level 3 of the Dungeon.
You worshipped Okawaru.
Okawaru was aware of your devotion.
You visited 1 branch of the dungeon, and saw 3 of its levels.

You collected 115 gold pieces.

Inventory:

Hand Weapons
 c - a +0 dagger
 e - a +2 short sword of protection
 p - a +3 vampiric falchion (weapon)
Missiles
 d - 9 poisoned darts
Armour
 a - a +0 robe (worn)
Wands
 o - a wand of flame (25)
 r - a wand of paralysis (11)
Scrolls
 b - a scroll of blinking {unknown}
 g - a scroll of enchant weapon {unknown}
 h - a scroll of silence {unknown}
 j - 3 scrolls of identify {unknown}
 k - 2 scrolls of noise {unknown}
 l - 2 scrolls of teleportation {unknown}
 q - 3 scrolls of vulnerability {unknown}
 s - a scroll of holy word {unknown}
Potions
 f - a potion of invisibility {unknown}
 i - 2 potions of degeneration {unknown}
 m - a potion of heal wounds {unknown}
 n - a potion of lignification {unknown}


   Skills:
 + Level 1.3 Fighting
 + Level 1.3 Short Blades
 + Level 1.3 Long Blades
 + Level 1.3 Axes
 + Level 1.3 Maces & Flails
 + Level 1.3 Polearms
 + Level 1.3 Staves
 + Level 1.3 Slings
 + Level 1.3 Bows
 + Level 1.3 Crossbows
 + Level 1.3 Throwing
 + Level 1.3 Armour
 + Level 4.7 Dodging
 + Level 4.3 Stealth
 + Level 1.3 Shields
 + Level 1.3 Unarmed Combat
 + Level 5.1 Spellcasting
 + Level 1.0 Conjurations
 + Level 1.0 Hexes
 + Level 1.0 Summonings
 + Level 1.0 Necromancy
 + Level 1.0 Translocations
 + Level 2.3 Transmutations
 + Level 1.0 Fire Magic
 + Level 1.0 Ice Magic
 + Level 1.0 Air Magic
 + Level 1.0 Earth Magic
 + Level 5.5 Poison Magic
 + Level 1.4 Invocations
 + Level 1.3 Evocations


You had 12 spell levels left.
You knew the following spells:

 Your Spells              Type           Power      Damage    Failure   Level
a - Sting                 Tmut/Pois      60%        1d6       3%          1

Your spell library contained the following spells:

 Spells                   Type           Power      Damage    Failure   Level
 Poisonous Vapours        Pois/Air       26%        N/A       6%          2
 Pain                     Necr           28%        1d5       11%         1
 Mephitic Cloud           Conj/Pois/Air  11%        N/A       17%         3
 Olgreb's Toxic Radiance  Pois           20%        N/A       17%         4
 Summon Guardian Golem    Hex/Summ       7%         N/A       30%         3
 Summon Ice Beast         Ice/Summ       7%         N/A       71%         4
 Agony                    Necr           7%         N/A       96%         5
 Excruciating Wounds      Necr           3%         N/A       96%         5
 Summon Mana Viper        Hex/Summ       7%         N/A       96%         5
 Monstrous Menagerie      Summ           3%         N/A       100%        7
 Orb of Destruction       Conj           3%         9d1       100%        7
 Spellforged Servitor     Conj/Summ      3%         N/A       100%        7


Dungeon Overview and Level Annotations

Branches:
Dungeon (3/15)

Altars:
Okawaru


Innate Abilities, Weirdness & Mutations

You have very sharp teeth.
Your uncanny sense of smell can sniff out nearby items.
Your experience applies equally to all skills.


Message History

Aiming: Sting (safe; 3% risk of failure)
Press: ? - help, Shift-Dir - straight line, f - gnoll
Aim: a gnoll, wielding a +0 halberd (lightly wounded, 77% to hit)
The sting hits the gnoll but does no damage.
The gnoll is poisoned.
The gnoll is lightly wounded.
The gnoll hits you with a +0 halberd!
The gnoll shouts!
Casting: Sting (safe; 3% risk of failure)
Confirm with . or Enter, or press ? or * to list all spells.
Aiming: Sting (safe; 3% risk of failure)
Press: ? - help, Shift-Dir - straight line, f/p - gnoll
Aim: a gnoll, wielding a +0 halberd (lightly wounded, poisoned, 77% to hit)
The sting hits the gnoll.
The gnoll looks even sicker.
The gnoll is moderately wounded.
The gnoll shouts!
You hear a shout!
The gnoll misses you. The gnoll closely misses you.
A gnoll comes into view. It is wielding a +0 whip.
Casting: Sting (safe; 3% risk of failure)
Confirm with . or Enter, or press ? or * to list all spells.
Aiming: Sting (safe; 3% risk of failure)
Press: ? - help, Shift-Dir - straight line, f - gnoll
Aim: a gnoll, wielding a +0 halberd (77% to hit)
The sting hits the gnoll.
The gnoll is poisoned.
The gnoll is moderately wounded.
The gnoll misses you.
Unknown command.
Casting: Sting (safe; 3% risk of failure)
Confirm with . or Enter, or press ? or * to list all spells.
Aiming: Sting (safe; 3% risk of failure)
Press: ? - help, Shift-Dir - straight line, f/p - gnoll
Aim: a gnoll, wielding a +0 halberd (moderately wounded, poisoned, 77% to hit)
The sting hits the gnoll.
The gnoll looks even sicker.
The gnoll is heavily wounded.
The gnoll hits you from afar with a +0 halberd!
* * * LOW HITPOINT WARNING * * *
You open the door.
The gnoll looks more healthy.
The gnoll hits you from afar with a +0 halberd!
You die...

######## ##########
#.g.gg.# #........#
#g####.# ##### #........#
#.# ....# #........# #.#
....###........#####.####.#
....'.'†.......'@.ggg.....#
....###........#####..#####
##### #........# #..# ..#
#........# ##.# #)#
#.....#### #.#
#.#####.....#########.#
............>.........#
#.##########.########## #.#
#.#


You could see 3 gnolls.

Vanquished Creatures
  An orc priest (D:3)
  An adder (D:3)
  A worm (D:3)
  2 dart slugs
  8 orcs (D:3)
  3 ball pythons (D:2)
  4 endoplasms
  A giant cockroach (D:3)
  3 goblins
  7 hobgoblins
  2 jackals (D:2)
  6 kobolds
  2 quokkas
  5 bats
  2 frilled lizards (D:1)
  6 rats
54 creatures vanquished.

Vanquished Creatures (others)
  6 plants (D:1)
6 creatures vanquished.

Grand Total: 60 creatures vanquished

Notes
Turn   | Place    | Note
-------+----------+-------------------------------------------
     0 | D:1      | MisterFreud the Gnoll Venom Mage began the quest for the
                  | Orb.
     0 | D:1      | Reached XP level 1. HP: 13/13 MP: 6/6
   413 | D:1      | Reached XP level 2. HP: 19/19 MP: 4/7
   785 | D:1      | Found a faded altar of an unknown god.
   801 | D:1      | Became a worshipper of Warmaster Okawaru
   801 | D:1      | Reached * piety under Okawaru
  1092 | D:1      | Reached XP level 3. HP: 25/25 MP: 5/9
  1619 | D:2      | You fall into a shaft and drop 1 floor!
  1632 | D:2      | Reached skill level 5 in Spellcasting
  1921 | D:2      | Reached skill level 1 in Invocations
  2519 | D:3      | Reached skill level 1 in Fighting
  2519 | D:3      | Reached skill level 1 in Short Blades
  2519 | D:3      | Reached skill level 1 in Long Blades
  2519 | D:3      | Reached skill level 1 in Axes
  2519 | D:3      | Reached skill level 1 in Maces & Flails
  2519 | D:3      | Reached skill level 1 in Polearms
  2519 | D:3      | Reached skill level 1 in Staves
  2519 | D:3      | Reached skill level 1 in Slings
  2519 | D:3      | Reached skill level 1 in Bows
  2519 | D:3      | Reached skill level 1 in Crossbows
  2519 | D:3      | Reached skill level 1 in Throwing
  2519 | D:3      | Reached skill level 1 in Armour
  2519 | D:3      | Reached skill level 1 in Shields
  2519 | D:3      | Reached skill level 1 in Unarmed Combat
  2519 | D:3      | Reached skill level 1 in Evocations
  2519 | D:3      | Reached XP level 4. HP: 32/32 MP: 4/11
  2703 | D:3      | Reached skill level 1 in Conjurations
  2703 | D:3      | Reached skill level 1 in Hexes
  2703 | D:3      | Reached skill level 1 in Summonings
  2703 | D:3      | Reached skill level 1 in Necromancy
  2703 | D:3      | Reached skill level 1 in Translocations
  2703 | D:3      | Reached skill level 1 in Fire Magic
  2703 | D:3      | Reached skill level 1 in Ice Magic
  2703 | D:3      | Reached skill level 1 in Air Magic
  2703 | D:3      | Reached skill level 1 in Earth Magic
  3442 | D:3      | Slain by a gnoll

Illustrated notes

Levels and vault maps discovered:
D:1:      mrwooster_arrival_statue, layout_loops_corners, serial_bayou,
          serial_bayou_crossing, serial_bayou_pond_e, serial_bayou_shore_b,
          serial_bayou_ford_a, serial_bayou_pond_b, serial_bayou_shore_b,
          hellmonk_ecumenical_altar_leap_of_faith
D:2:      layout_basic, minmay_misc_feat_diagonals, minmay_misc_feat_room,
          kennysheep_cross_room
D:3:      layout_basic

Skill      XL: |  1  2  3  4 |
---------------+-------------+-----
Transmutations | 2 |  2.3
Spellcasting   | 5 |  5.1
Invocations    | 1 |  1.4
Fighting       | 1 |  1.3
Short Blades   | 1 |  1.3
Long Blades    | 1 |  1.3
Axes           | 1 |  1.3
Maces & Flails | 1 |  1.3
Polearms       | 1 |  1.3
Staves         | 1 |  1.3
Slings         | 1 |  1.3
Bows           | 1 |  1.3
Crossbows      | 1 |  1.3
Throwing       | 1 |  1.3
Armour         | 1 |  1.3
Shields        | 1 |  1.3
Unarmed Combat | 1 |  1.3
Evocations     | 1 |  1.3
Conjurations   | 1 |  1.0
Hexes          | 1 |  1.0
Summonings     | 1 |  1.0
Necromancy     | 1 |  1.0
Translocations | 1 |  1.0
Fire Magic     | 1 |  1.0
Ice Magic      | 1 |  1.0
Air Magic      | 1 |  1.0
Earth Magic    | 1 |  1.0
Dodging        | |  4.7
Stealth        | |  4.3
Poison Magic   | |  5.5

Action                   |  1- 3 |  4- 6 || total
-------------------------+-------+-------++-------
Melee: Short sword       |    11 |    16 ||    27
       Punch             |     1 |       ||     1
       Bite              |     1 |       ||     1
       Falchion          |       |     4 ||     4
 Cast: Sting             |    65 |    27 ||    92
 Stab: Sleeping          |     2 |     1 ||     3
Armor: Robe              |     3 |     3 ||     6
Dodge: Dodged            |    19 |    20 ||    39
